 Dungeon Crawl Stone Soup version 0.29-a0-322-g68df515428 (webtiles) character file.

Game seed: 12238037649322066706

5209 jt the Cleaver (level 10, -15/81 HPs)
             Began as a Deep Dwarf Delver on Apr 5, 2022.
             Was a Priest of Elyvilon.
             Demolished by a boulder beetle (54 damage)
             ... on level 7 of the Dungeon.
             The game lasted 00:21:16 (5359 turns).

jt the Cleaver (Deep Dwarf Delver)                  Turns: 5359, Time: 00:21:16

Health: -15/81     AC:  7    Str: 19    XL:     10   Next: 35%
Magic:  8/10       EV: 30    Int: 12    God:    Elyvilon [***...]
Gold:   412        SH:  0    Dex: 12    Spells: 9/9 levels left

rFire   . . .      SeeInvis .   a - +1 war axe (flame)
rCold   + . .      Faith    .   (no shield)
rNeg    . . .      Spirit   .   q - +0 swamp dragon scales
rPois   +          Reflect  .   (helmet restricted)
rElec   .          Harm     .   (no cloak)
rCorr   .          Rampage  .   (no gloves)
Will    +....                   (no boots)
Stlth   ++........              x - amulet of the acrobat
HPRegen 0.00/turn               u - +4 ring of evasion
MPRegen 0.12/turn               H - ring of protection from cold

@: about to teleport, acrobatic
A: damage resistance, heal wounds, sense surroundings 2, no regeneration, horns
1, clumsy 1, screaming 1
a: Heal Wounds, Renounce Religion, Purification, Heal Other, Heal Self


You were on level 7 of the Dungeon.
You worshipped Elyvilon.
Elyvilon was most pleased with you.
You visited 2 branches of the dungeon, and saw 8 of its levels.

You collected 450 gold pieces.
You spent 38 gold pieces at shops.

Inventory:

Hand Weapons
 a - a +1 war axe of flaming (weapon)
 i - a +0 shortbow
 r - a +0 broad axe
 w - a +0 halberd of venom
 y - a +0 hand axe
 B - a +0 dagger of draining
 D - a +0 hunting sling
 I - a +3 hand axe
 L - a +5 trident
 O - a +0 hand crossbow
Missiles
 j - 215 stones
 o - 2 throwing nets
 t - 6 boomerangs (quivered)
 v - 2 javelins
 z - 11 poisoned darts
Armour
 b - a +0 leather armour
 n - a +0 chain mail
 q - +0 swamp dragon scales (worn)
 C - a +1 leather armour of fire resistance
 E - +0 acid dragon scales
 G - the +2 pair of gloves of Autumn {Str+3}
   (You found it on level 7 of the Dungeon)

   Str:       It affects your strength (+3).
Jewellery
 h - a ring of magical power
 u - a +4 ring of evasion (left hand)
 x - an amulet of the acrobat (around neck)
 F - a ring of ice
 H - a ring of protection from cold (right hand)
Wands
 g - a wand of digging (11)
Scrolls
 c - 2 scrolls of fog
 d - 5 scrolls of magic mapping
 e - 4 scrolls of fear
 l - a scroll of vulnerability
 m - 2 scrolls of amnesia
 p - 5 scrolls of teleportation
 s - a scroll of enchant weapon
 J - a scroll of enchant armour
 K - 2 scrolls of immolation
Potions
 f - 5 potions of haste
 A - 3 potions of attraction
 P - 2 potions of curing
 Q - a potion of brilliance


   Skills:
 - Level 2.6 Fighting
 + Level 13.9 Axes
 - Level 4.0 Throwing
 - Level 2.1 Dodging
 - Level 6.0 Stealth
 - Level 8.0 Invocations
 - Level 5.0 Evocations


You had 9 spell levels left.
You didn't know any spells.
Your spell library contained the following spells:

 Spells                   Type           Power      Damage    Failure   Level
 Beastly Appendage        Tmut           0%         N/A       50%         1
 Foxfire                  Conj/Fire      0%         2x1d4     50%         1
 Sting                    Tmut/Pois      0%         1d3       50%         1
 Blink                    Tloc           0%         N/A       65%         2
 Poisonous Vapours        Pois/Air       0%         N/A       65%         2
 Wereblood                Tmut           0%         N/A       65%         2
 Conjure Flame            Conj/Fire      0%         6-21      86%         3
 Frozen Ramparts          Ice            0%         1d2       86%         3
 Ignite Poison            Fire/Tmut/Pois 0%         N/A       86%         3
 Inner Flame              Hex/Fire       0%         N/A       86%         3
 Portal Projectile        Hex/Tloc       0%         N/A       86%         3
 Spider Form              Tmut/Pois      0%         N/A       86%         3
 Flame Wave               Conj/Fire      0%         2d4       99%         4
 Ice Form                 Ice/Tmut       0%         N/A       99%         4
 Olgreb's Toxic Radiance  Pois           0%         N/A       99%         4
 Sticky Flame             Conj/Fire      0%         2d3       99%         4
 Summon Ice Beast         Ice/Summ       0%         N/A       99%         4
 Blade Hands              Tmut           0%         N/A       100%        5
 Excruciating Wounds      Necr           0%         N/A       100%        5
 Manifold Assault         Tloc           0%         N/A       100%        5
 Storm Form               Tmut/Air       0%         N/A       100%        7


Dungeon Overview and Level Annotations

Branches:
Dungeon (7/15)             Temple (1/1) D:4

Altars:
Cheibriados
Elyvilon
Fedhas
Gozag
Hepliaklqana
Kikubaaqudgha
Okawaru
Qazlal
Yredelemnul

Shops:
D:2 (=?


Innate Abilities, Weirdness & Mutations

You are resistant to damage.
You can heal yourself by infusing magical energy.
You passively map the area around you.
You do not regenerate.
You have a pair of small horns on your head.
You are clumsy. (Dex -2)
You occasionally shout uncontrollably at your foes.


Message History

a +0 broad axe; a +0 chain mail; a human corpse
r - a +0 broad axe
Things that are here:
+0 acid dragon scales; an acid dragon corpse E - +0 acid dragon scales
Found a book of Flames.
You feel a little less clever now.
You pick up a book of Flames and begin reading...
You add the spells Foxfire, Inner Flame and Flame Wave to your library.
You are healed.
You recover from your berserk rage.
Found a pair of distressingly furry gloves and a pair of boots.
There is an open door here.
An iguana comes into view.
The iguana hisses angrily.
You see here the +2 pair of gloves of Autumn {Str+3}.
G - the +2 pair of gloves of Autumn {Str+3} The boulder beetle curls into a ball and begins rolling!
There is an open door here.
Which direction?
You close the door.
Aiming: Corrosive Bolt
Press: ? - help, Shift-Dir - straight line, f - boulder beetle
Aim: a boulder beetle (rolling, 100% to hit)
The bolt of acid hits the boulder beetle but does no damage.
The now-empty wand crumbles to dust.
The boulder beetle hits you!!!
Ouch! That really hurt!
* * * LOW HITPOINT WARNING * * *
The boulder beetle stops rolling and uncurls.
You hear a shout!
You are healed.
The boulder beetle leaps!
Okay, then.
Okay, then.
As you read the scroll of teleportation, it crumbles to dust.
You feel strangely unstable.
The boulder beetle curls into a ball and begins rolling!
The boulder beetle attacks as you move away!
The boulder beetle hits you!!!
Ouch! That really hurt!
You die...

...............#)#÷#..........§§§
#.............##.#.##..#.....§§§.
#..##.........#.###.#..#..#..#§§§
##...##......##.# #.##....#..#.§§
.#...........#.## ##.#...##...§§.
............##.# #.##.####.....
....##.#....#[## ##.#..#.......
...........##†#### #.##.........
.........#####..@#########.......
.......###..#...#B#.[.#..###.....
#....####.#.#...#°#........###...
...###..#.#.#...#°#...l.°... ###.
.####.#.#.#.####°.+###...#°. ##
#'..#.#.#.#.#...°⌠.○B○#..# , ,,
.###.##.#.#.[###'.'####...# , ##
...####.#†#..(..#.#.. * .... ###.
.....###.##..($.#.#.. ..###...


You could see a boulder beetle (rolling).

Vanquished Creatures
  A death knight (D:7)
  A cyclops (D:7)
  A manticore (D:7)
  Maggie (D:6)
  An unseen horror (D:7)
  Grinder (D:4)
  2 acid dragons (D:7)
  A water moccasin (D:7)
  2 black bears
  An ice beast (D:7)
  2 ogres (D:4)
  A centaur (D:5)
  A phantom (D:7)
  Blork the orc (D:6)
  A kobold brigand (D:6)
  A gnoll sergeant (D:7)
  4 bullfrogs (D:7)
  5 necrophages
  6 wights (D:7)
  6 killer bees (D:6)
  A jelly (D:4)
  A gnoll shaman (D:4)
  2 orc priests
  4 hounds
  Natasha (thrice) (D:4)
  3 iguanas
  4 orc wizards
  Ijyb (D:3)
  A mummy (D:4)
  16 gnolls
  8 adders
  A shadow imp (D:7)
  A white imp (D:7)
  An ufetubus (D:7)
  A dart slug (D:3)
  20 orcs
  4 bats
  7 endoplasms
  5 giant cockroaches
  13 goblins
  11 hobgoblins
  8 jackals
  13 kobolds
  5 quokkas
  6 ball pythons
  6 frilled lizards
  22 rats
208 creatures vanquished.

Notes
Turn   | Place    | Note
-------+----------+-------------------------------------------
     0 | D:5      | jt the Deep Dwarf Delver began the quest for the Orb.
     0 | D:5      | Reached XP level 1. HP: 20/20 MP: 1/1
   157 | D:5      | Reached skill level 1 in Evocations
   231 | D:5      | Reached XP level 2. HP: 16/27 MP: 1/1
   234 | D:5      | Reached skill level 3 in Axes
   245 | D:5      | Reached XP level 3. HP: 11/33 MP: 1/1
   332 | D:4      | Reached XP level 4. HP: 24/40 MP: 2/2
   354 | D:4      | Noticed a necrophage
   358 | D:4      | Noticed an ogre
   359 | D:4      | Noticed an ogre
   365 | D:4      | Reached skill level 4 in Axes
   371 | D:4      | Killed an ogre
   371 | D:4      | Killed an ogre
   372 | D:4      | Reached skill level 5 in Axes
   372 | D:4      | Reached skill level 5 in Evocations
   372 | D:4      | Reached XP level 5. HP: 40/46 MP: 2/2
   372 | D:4      | Reached XP level 6. HP: 48/55 MP: 3/3
   377 | D:4      | Reached skill level 6 in Axes
   446 | D:4      | Found a snail-covered altar of Cheibriados.
   555 | D:3      | Noticed Ijyb
   565 | D:3      | Killed Ijyb
   676 | D:4      | Reached skill level 7 in Axes
   677 | D:4      | Noticed Grinder
   684 | D:4      | Killed Grinder
   685 | D:4      | Reached skill level 8 in Axes
   685 | D:4      | Reached XP level 7. HP: 30/61 MP: 4/4
   745 | D:4      | Noticed Natasha
   752 | D:4      | Killed Natasha
   822 | D:2      | Found Neith's Weapon Emporium.
   938 | D:4      | Noticed Natasha
   951 | D:4      | Killed Natasha
   976 | D:4      | Noticed Natasha
   991 | D:4      | Killed Natasha
  1081 | D:4      | Found a staircase to the Ecumenical Temple.
  1090 | Temple   | Entered the Ecumenical Temple
  1097 | Temple   | Became a worshipper of Elyvilon the Healer
  1237 | D:5      | Reached skill level 9 in Axes
  1237 | D:5      | Reached skill level 1 in Invocations
  1243 | D:5      | Reached XP level 8. HP: 65/68 MP: 4/6
  1637 | D:2      | Found Righeas's Jewellery Emporium.
  1750 | D:1      | Found a faded altar of an unknown god.
  1751 | D:1      | Noticed a shining eye
  1751 | D:1      | Noticed an eye of devastation
  1908 | D:1      | Reached * piety under Elyvilon
  2340 | D:2      | Found an ancient bone altar of Kikubaaqudgha.
  2399 | D:2      | Found Ymeschy's Magic Scroll Boutique.
  2404 | D:2      | Bought a scroll of magic mapping for 38 gold pieces
  2493 | D:2      | Reached ** piety under Elyvilon
  3486 | D:6      | Found an iron altar of Okawaru.
  3502 | D:6      | Reached skill level 1 in Throwing
  3513 | D:6      | Noticed Maggie
  3635 | D:6      | Noticed Blork the orc
  3650 | D:6      | Killed Blork the orc
  3695 | D:6      | Killed Maggie
  3696 | D:6      | Reached skill level 10 in Axes
  3696 | D:6      | Reached skill level 5 in Invocations
  3806 | D:6      | Reached *** piety under Elyvilon
  4433 | D:6      | Gained mutation: You passively map the area around you.
                  | [Deep Dwarf growth]
  4433 | D:6      | Reached XP level 9. HP: 42/74 MP: 10/10
  4713 | D:7      | Reached skill level 11 in Axes
  4719 | D:7      | Noticed a cyclops
  4781 | D:7      | Reached **** piety under Elyvilon
  4883 | D:7      | Killed a cyclops
  4884 | D:7      | Reached skill level 12 in Axes
  4970 | D:7      | Killed an unseen horror
  5091 | D:7      | Reached XP level 10. HP: 62/81 MP: 11/11
  5101 | D:7      | Noticed a manticore
  5111 | D:7      | Killed a manticore
  5112 | D:7      | Reached skill level 13 in Axes
  5280 | D:7      | Noticed a death knight
  5284 | D:7      | Gained mutation: You are clumsy. (Dex -2) [potion of
                  | mutation]
  5284 | D:7      | Gained mutation: You occasionally shout uncontrollably at
                  | your foes. [potion of mutation]
  5284 | D:7      | Gained mutation: You have a pair of small horns on your
                  | head. [potion of mutation]
  5288 | D:7      | Elyvilon protects you from harm!
  5290 | D:7      | Elyvilon protects you from harm!
  5298 | D:7      | Killed a death knight
  5328 | D:7      | Noticed a boulder beetle
  5347 | D:7      | Identified the +2 pair of gloves of Autumn {Str+3}
  5359 | D:7      | Demolished by a boulder beetle

Illustrated notes

Levels and vault maps discovered:
D:1:      mrwooster_arrival_statue_2, layout_rooms,
          hellmonk_ecumenical_altar_watching_god, chequers_serial_rivers_room_b
D:2:      layout_loops_ring, basic_altar, serial_shops, shop, shop,
          nicolae_diamond_shop, minmay_rat_hole
D:3:      layout_loops_cross, uniq_ijyb
D:4:      layout_rooms, slow_altar_2, minmay_temple_entry_purple_smoke,
          uniq_natasha, uniq_grinder
D:5:      layout_rooms, grunt_decor_arrowhead
D:6:      layout_basic, kennysheep_okawaru_gauntlet, uniq_blork_the_orc,
          uniq_maggie
D:7:      minmay_the_grid_four_pointed_star
          [minmay_the_grid_triangle_9x9_flanged_cone,
          minmay_the_grid_triangle_9x9_pentomino_pain,
          minmay_the_grid_triangle_9x9_thin_v,
          minmay_the_grid_triangle_9x9_impossible_snake,
          minmay_the_grid_prize_four_corners], layout_cave_pools
Temple:   compressed_dpeg_circular_temple

Skill      XL: |  1  2  3  4  5  6  7  8  9 10 |
---------------+-------------------------------+-----
Evocations     | 1 2 3 5 |  5.0
Axes           | 3 5 8 9 10 12 13 | 13.9
Invocations    | 2 6 8 |  8.0
Throwing       | 3 4 |  4.0
Fighting       | |  2.6
Dodging        | |  2.1
Stealth        | |  6.0

Action                   |  1- 3 |  4- 6 |  7- 9 | 10-12 || total
-------------------------+-------+-------+-------+-------++-------
Melee: Hand axe          |    57 |    30 |       |       ||    87
       Punch             |     1 |     1 |     5 |       ||     7
       War axe           |       |    47 |   470 |    42 ||   559
       Trident           |       |       |    15 |       ||    15
       Headbutt          |       |       |       |     3 ||     3
 Fire: Shortbow          |       |       |     6 |       ||     6
       Hand crossbow     |       |       |     3 |       ||     3
Throw: Boomerang         |     2 |     5 |    72 |       ||    79
       Dart              |       |     4 |     7 |     2 ||    13
Invok: Heal Self         |       |       |     3 |     7 ||    10
 Abil: Heal Wounds       |     5 |     3 |    15 |     2 ||    25
Evoke: Wand              |       |     7 |     3 |     2 ||    12
  Use: Scroll            |       |       |    15 |     2 ||    17
       Potion            |       |       |     4 |     5 ||     9
 Stab: Paralysed         |       |    12 |     1 |       ||    13
       Sleeping          |       |       |       |     1 ||     1
Armor: Chain mail        |    29 |    29 |   103 |       ||   161
       Leather armour    |     1 |       |       |       ||     1
       Swamp dragon scal |       |       |    61 |     1 ||    62
       Skin              |       |       |    11 |       ||    11
Dodge: Dodged            |    24 |    32 |   323 |    28 ||   407

Table legend: (Time is in decaauts)
 A = Elapsed time spent in this place.
 B = Non-inter-level travel time spent in this place.
 C = Inter-level travel time spent in this place.
 D = Time resting spent in this place.
 E = Time spent auto-exploring this place.
 F = Levels seen in this place.
 G = Mean time per level.
                   A        B        C        D        E       F      G
               +--------+--------+--------+--------+--------+-----+--------+
         Total |   5412 |   5096 |    316 |     82 |   2366 |   8 |  676.5 |
       Dungeon |   5397 |   5081 |    316 |     82 |   2366 |   7 |  771.0 |
        Temple |     14 |     14 |      0 |      0 |      0 |   1 |   14.0 |
               +--------+--------+--------+--------+--------+-----+--------+

Top non-repeatable levels by time:
     D:6: 1103 daAuts
     D:2: 827 daAuts
     D:7: 789 daAuts
     D:4: 709 daAuts
     D:3: 693 daAuts
     D:5: 661 daAuts
     D:1: 611 daAuts
  Temple: 14 daAuts
